 Dungeon Sprint DCSS version 0.31-a0-595-g4209ae197b (webtiles) character file.

Game seed: 7978527488902151968

0 Conn the Firebug (level 1, 0/11 HPs)
             Began as an Octopode Fire Elementalist on Aug 20, 2023.
             Slain by Ijyb
             ... wielding a +0 dagger
              (6 damage)
             ... in the Dungeon (Sprint I: "Red Sonja").
             The game lasted 00:00:25 (11 turns).

Conn the Firebug (Octopode Fire Elementalist)         Turns: 11, Time: 00:00:26

Health: 0/11       AC:  1    Str:  7    XL:     1   Next: 0%
Magic:  0/3        EV: 13    Int: 17    God:
Gold:   0          SH:  0    Dex: 12    Spells: 3/4 levels left

rFire   . . .        (no weapon)
rCold   . . .        (no shield)
rNeg    . . .        (helmet restricted)
rPois   .            (no amulet)
rElec   .            (no ring)
rCorr   .            (no ring)
SInv    .            (no ring)
Will    .....        (no ring)
Stlth   ++           (no ring)
HPRegen 0.21/turn    (no ring)
MPRegen 0.08/turn    (no ring)
                     (no ring)

%: no teleportation
@: confused, on berserk cooldown, hasted and slowed
A: almost no armour, amphibious, 8 rings, camouflage 1, gelatinous body 1,
(nimble swimmer 1), tentacles
a: no special abilities


You were in the Dungeon.
You visited 1 branch

Inventory:

Scrolls
 f - a scroll of blinking
Potions
 a - 3 potions of magic
 b - a potion of curing
 c - a potion of heal wounds


   Skills:
 + Level 2.0 Dodging
 + Level 2.6 Stealth
 + Level 2.0 Spellcasting
 + Level 1.0 Conjurations
 + Level 3.0 Fire Magic


You had 3 spell levels left.
You knew the following spells:

 Your Spells              Type           Power      Damage    Failure   Level
a - Foxfire               Conj/Fire      32%        2x1d5     9%          1

Your spell library contained the following spells:

 Spells                   Type           Power      Damage    Failure   Level
 Scorch                   Fire           22%        2d5       9%          2
 Inner Flame              Hex/Fire       6%         N/A       30%         3
 Volatile Blastmotes      Fire/Tloc      12%        2d11      30%         3
 Flame Wave               Conj/Fire      8%         2d5       63%         4


Dungeon Overview and Level Annotations

Branches:
Dungeon (1/1)

Altars:

Annotations:
D Ijyb


Innate Abilities, Weirdness & Mutations

You cannot wear most types of armour.
You are amphibious.
You can wear up to eight rings at the same time.
Your skin changes colour to match your surroundings (Stealth+).
Your rubbery body absorbs attacks. (AC +1, EV +1)
((You are camouflaged when in or above water. (Stealth+)))
You have tentacles for arms and can constrict up to eight enemies at once.


Message History

Confirm with . or Enter, or press ? or * to list all spells.
You conjure some foxfire!
Unknown command.
Casting: Foxfire (safe; 9% risk of failure)
Confirm with . or Enter, or press ? or * to list all spells.
You conjure some foxfire!
Ijyb shouts!
The foxfire hits Ijyb.
Ijyb is lightly wounded.
Unknown command.
You feel yourself speed up.
The foxfire hits Ijyb.
Ijyb is lightly wounded.
The foxfire hits Ijyb.
Ijyb is moderately wounded.
The foxfire hits Ijyb but does no damage.
Ijyb is moderately wounded.
Ijyb zaps a wand.
Your will is overpowered!
You are confused.
Unknown command.
Unknown command.
Okay, then.
Unknown command.
You are too confused!
Okay, then.
There is an open door here.
A red film seems to cover your vision as you go berserk!
You feel yourself moving faster!
You feel mighty! Ijyb hits you with a +0 dagger.
You feel a strong urge to attack something.
You bump into the rock wall.
You feel your anger nearly subside.
Ijyb screams, "Level is mine!
All mine!"
Ijyb hits you with a +0 dagger.
Your magical contamination has completely faded away.
You're too confused to move!
You are no longer berserk.
You are exhausted.
You feel yourself slow down. Ijyb hits you with a +0 dagger.
Ouch! That really hurt!
You die...

#######
#<.#..+
#..g..#
#.@####
#..#
#..#
#..#
#⌠⌠#
####


You could see Ijyb.

Vanquished Creatures (others)
  4 foxfires (D)
4 creatures vanquished.

Notes
Turn   | Place    | Note
-------+----------+-------------------------------------------
     0 | D        | Conn the Octopode Fire Elementalist began the quest for the
                  | Orb.
     0 | D        | Reached XP level 1. HP: 11/11 MP: 3/3
     1 | D        | Noticed Ijyb
    11 | D        | Slain by Ijyb

Illustrated notes

Levels and vault maps discovered:
D:        dungeon_sprint_1 [red_sonja_temple_1, red_sonja_temple_small_1]

Action                     || total
---------------------------++-------
   Cast: Foxfire           ||     2
    Use: Potion            ||     2

Table legend: (Time is in decaauts)
 A = Elapsed time spent in this place.
 B = Non-inter-level travel time spent in this place.
 C = Inter-level travel time spent in this place.
 D = Time resting spent in this place.
 E = Time spent auto-exploring this place.
 F = Levels seen in this place.
 G = Mean time per level.
                   A        B        C        D        E       F      G
               +--------+--------+--------+--------+--------+-----+--------+
         Total |      9 |      9 |      0 |      0 |      0 |   1 |    9.0 |
       Dungeon |      9 |      9 |      0 |      0 |      0 |   1 |    9.0 |
               +--------+--------+--------+--------+--------+-----+--------+

Top non-repeatable levels by time:
       D: 9 daAuts
